 Dungeon Crawl Stone Soup version 0.26.1-11-gd32895ea62 (webtiles) character file.

Game seed: 11181317530425993327

32 Kukuleta the Conjurer (level 3, 14/14 HPs)
             Began as a Felid Conjurer on July 2, 2021.
             Was a Follower of Fedhas.
             Quit the game on level 2 of the Dungeon.
             The game lasted 00:04:05 (1509 turns).

Kukuleta the Conjurer (Felid Conjurer)              Turns: 1509, Time: 00:04:06

Health: 14/14      AC:  1    Str:  4    XL:     3   Next: 8%
Magic:  8/8        EV: 18    Int: 19    God:    Fedhas [*.....]
Gold:   12         SH:  0    Dex: 14    Spells: 4/7 levels left
                                        Lives:  0   Deaths: 0

rFire    . . .     SeeInvis +   (weapon unavailable)
rCold    . . .     Faith    .   (shield unavailable)
rNeg     . . .     Spirit   .   (armour unavailable)
rPois    .         Reflect  .   (helmet unavailable)
rElec    .         Harm     .   (cloak unavailable)
rCorr    .         Rampage  .   (gloves unavailable)
Will     .....                  (boots unavailable)
Stlth    +++.......             (no amulet)
HPRegen  0.04/turn              (no ring)
MPRegen  0.11/turn              (no ring)

@: quick
A: very small, no armour, no weapons or thrown items, stealth, claws 1, fangs 3,
see invisible, speed 1, shaggy fur 1, sharp paws
a: Renounce Religion


You were on level 2 of the Dungeon.
You worshipped Fedhas.
Fedhas was aware of your devotion.
You visited 1 branch of the dungeon, and saw 2 of its levels.

You collected 12 gold pieces.

Inventory:

Scrolls
 a - 3 scrolls of identify {unknown}
 b - a scroll of teleportation {unknown}
 c - 2 scrolls of remove curse {unknown}
Potions
 d - a potion of curing {unknown}


   Skills:
 + Level 3.3 Dodging
 - Level 2.6 Stealth
 * Level 2.8 Spellcasting
 + Level 3.8 Conjurations


You had 4 spell levels left.
You knew the following spells:

 Your Spells              Type           Power        Failure   Level
a - Magic Dart            Conj           68%          3%          1
b - Searing Ray           Conj           34%          4%          2

Your spell library contained the following spells:

 Spells                   Type           Power        Failure   Level
 Dazzling Flash           Conj/Hex       20%          22%         3
 Fulminant Prism          Conj/Hex       5%           56%         4
 Iskenderun's Mystic Bla  Conj/Tloc      10%          56%         4


Dungeon Overview and Level Annotations

Branches:
Dungeon (2/15)

Altars:
Fedhas


Innate Abilities, Weirdness & Mutations

You cannot wear armour.
You are incapable of wielding weapons or throwing items.
Your paws allow you to move quietly. (Stealth)
You have sharp claws.
You have razor-sharp teeth.
You have supernaturally acute eyesight. (SInv)
You cover ground quickly.
You are covered in fur. (AC +1)
Your sharp claws are effective at attacking unaware monsters.


Message History

Casting: Magic Dart (safe; 3% risk of failure)
Confirm with . or Enter, or press ? or * to list all spells.
Aiming: Magic Dart (safe; 3% risk of failure)
Press: ? - help, Shift-Dir - straight line, f - rat
Aim: a rat (asleep, 0% to evade)
The magic dart hits the rat.
You kill the rat!
Fedhas accepts your kill.
Found a stone staircase leading down.
A worm comes into view.
You pick your way through the web.
There is a web here.
You see here a gilded ring.
Unknown command.
Unknown command.
Are you sure you want to abandon this character and quit the game? (Confirm with "yes".)
Okay, then.
Unknown command.
Unknown command.
Are you sure you want to abandon this character and quit the game? (Confirm with "yes".)

#####.###.#
#..#_
#.........#
#...#
#.......###
#....
#.......#
#####
#.......###
#.........#
#.<.......#
#######...#
#@........#
#.#####...#
#w# ....#
#.# .>..#
#.# ..####
#.# #. #..
#. ###


You could see a worm (asleep).

Vanquished Creatures
  An ooze (D:1)
  A leopard gecko (D:1)
  A ball python (D:1)
  A giant cockroach (D:2)
  3 hobgoblins
  A quokka (D:2)
  2 bats (D:1)
  5 frilled lizards
  6 goblins
  4 kobolds
  3 rats (D:2)
28 creatures vanquished.

Notes
Turn   | Place    | Note
-------+----------+-------------------------------------------
     0 | D:1      | Kukuleta the Felid Conjurer began the quest for the Orb.
     0 | D:1      | Reached XP level 1. HP: 7/7 MP: 4/4
   358 | D:1      | Reached XP level 2. HP: 11/11 MP: 3/6
   520 | D:1      | Learned a level 2 spell: Searing Ray
  1272 | D:2      | Reached XP level 3. HP: 8/14 MP: 2/8
  1457 | D:2      | Found a faded altar of an unknown god.
  1466 | D:2      | Became a worshipper of Fedhas Madash
  1466 | D:2      | Reached * piety under Fedhas
  1509 | D:2      | Quit the game

Illustrated notes

Levels and vault maps discovered:
D:1:      minmay_arrival_split_and_join, layout_loops_ring
D:2:      layout_basic, chequers_ecumenical_altar_simple, corner_web_ring,
          minmay_misc_feat_chi

Skill      XL: |  1 |
---------------+----+-----
Dodging        | 3 |  3.3
Stealth        | |  2.6
Spellcasting   | |  2.8
Conjurations   | |  3.8

Action                   || total
-------------------------++-------
Melee: Unarmed           ||    39
       Bite              ||     2
 Cast: Magic Dart        ||    39
Armor: Skin              ||     2
Dodge: Dodged            ||    29
